 Dungeon Crawl Stone Soup version 0.23.2-33-g5129a83184 (webtiles) character file.

Game seed: 11893009173588109789

768 DildoBatman the Conjurer (level 8, -5/56 HPs)
             Began as a Formicid Wizard on Aug 12, 2019.
             Was an Initiate of Kikubaaqudgha.
             Slain by a vampire (12 damage)
             ... created by the anger of Yredelemnul
             ... in an ossuary.
             The game lasted 00:32:17 (4905 turns).

DildoBatman the Conjurer (Formicid Wizard)          Turns: 4905, Time: 00:32:17

Health: -5/56      AC:  5    Str:  9 (12) XL:     8   Next: 9%
Magic:  12/12      EV: 12    Int: 14 (16) God:    Kikubaaqudgha [......]
Gold:   132        SH:  0    Dex:  8 (9)  Spells: 6/13 levels left

rFire    . . .     SeeInvis +   d - +4 quarterstaff (pain)
rCold    + + .     Gourm    .   (no shield)
rNeg     . . .     Faith    .   A - +0 robe
rPois    +         Spirit   .   (helmet unavailable)
rElec    +         Reflect  .   (no cloak)
rCorr    +         Harm     .   y - +2 pair of gloves
MR       +....                  (no boots)
Stlth    ++........             (no amulet)
HPRegen  0.18/turn              u - ring of ice
MPRegen  0.13/turn              (no ring)

@: resistant
A: permanent stasis, dig shafts and tunnels, four strong arms, antennae 3,
hooves 1, dopey 2, magic resistance 1
a: Dig, Shaft Self, Renounce Religion


You were in an ossuary.
You worshipped Kikubaaqudgha.
Kikubaaqudgha was noncommittal.
You were hungry.

You visited 2 branches of the dungeon, and saw 6 of its levels.
You also visited: Ossuary.

You collected 132 gold pieces.

Inventory:

Hand Weapons
 a - a +2 dagger of draining
 b - a +0 hunting sling
 d - a +4 quarterstaff of pain (weapon)
 e - a +0 trident
Missiles
 g - 101 stones (quivered)
 m - 39 arrows
 s - 9 bolts
 z - 23 poisoned needles
Armour
 y - a +2 pair of gloves (worn)
 A - a +0 robe (worn)
Jewellery
 u - a ring of ice (left hand)
Scrolls
 h - a scroll of amnesia
 l - a scroll of teleportation
 x - 4 scrolls of remove curse
Potions
 i - a potion of flight
Comestibles
 v - 6 rations


   Skills:
 * Level 2.0 Fighting
 - Level 2.0 Short Blades
 * Level 2.0 Armour
 * Level 2.6 Dodging
 - Level 3.4 Stealth
 - Level 3.2 Spellcasting
 - Level 5.8 Conjurations
   Level 1.0 Summonings
   Level 0.8 Translocations
 - Level 2.0 Fire Magic
 * Level 1.1 Poison Magic


You had 6 spell levels left.
You knew the following spells:

 Your Spells              Type           Power        Failure   Level  Hunger
a - Conjure Flame         Conj/Fire      ##......     13%         3    ###....
c - Magic Dart            Conj           ###.         1%          1    #......
e - Mephitic Cloud        Conj/Pois/Air  #.......     24%         3    ###....

Your spell library contained the following spells:

 Spells                   Type           Power        Failure   Level  Hunger
 Call Imp                 Summ           #.......     22%         2    ##.....
 Slow                     Hex            #.......     32%         2    ##.....
 Blink                    Tloc           Unusable     N/A         2    N/A

Dungeon Overview and Level Annotations

Branches:
Dungeon (5/15)             Temple (1/1) D:4

Altars:
Ashenzari
Cheibriados
Dithmenos
Elyvilon
Fedhas
Gozag
Hepliaklqana
Kikubaaqudgha
Makhleb
Nemelex Xobeh
Okawaru
Ru
Sif Muna
Trog
Uskayaw
Vehumet
Wu Jian
Xom
Yredelemnul
Zin
The Shining One

Annotations:
D:3 2 runed translucent doors, exclusion: angel, Niraks's ghost, amateur MiBe
D:4 exclusions: angel and 1 more exclusion
D:5 1 exclusion


Innate Abilities, Weirdness & Mutations

You cannot be hasted, slowed, berserked, paralysed or teleported.
You can dig through walls and to a lower floor.
Your four strong arms can wield two-handed weapons with a shield.
You have a pair of large antennae on your head. (SInv)
You have large cloven feet.
You are very dopey. (Int -4)
You are resistant to hostile enchantments. (MR+)


Message History

The scorpion stings you but does no damage.
Something hits you but does no damage. Something bites you but does no damage.
You closely miss something.
You feel less wooden.
Your +2 pair of gloves unmelds from your body.
Your +0 robe unmelds from your body.
You feel less invigorated.
You feel less confused.
You feel a little less agile now. The scorpion misses you.
The vampire barely misses you. The vampire bites you!
The vampire draws strength from your injuries!
The scorpion zombie closely misses you. The scorpion completely misses you.
The vampire hits you! The vampire bites you!
You die...
Kikubaaqudgha rasps: "You have failed me!
Welcome... death!"

####################
.#.....#^^^#.{?#...#
.#.....'^^^#{.='...#
.8.....#^^^#M!?#.M.*
.......##'#######'##
.......#...#...#.Zs#
....8###†..#...8s..#
.......#...#....@V.#
.......##'###8...8##
.8.....#^^^#.......#
.#.....#^^^'...8...#
.#.....#^^^#...#...#
#####†###########'##
...#^^^#...#...#^^^#
...#^^^'...8...#^^^#
...#^^^#.......#^^^#


You could see a vampire (invisible), a mummy, 2 scorpions and a scorpion zombie.

Vanquished Creatures
  An ice beast (D:4)
  An ogre (D:4)
  A wyvern zombie (Ossuary)
  5 scorpions (Ossuary)
  A howler monkey (D:4)
  2 hounds (D:4)
  A human zombie (Ossuary)
  A worker ant (D:4)
  2 big kobold zombies (Ossuary)
  A hound skeleton (D:4)
  2 mummies (Ossuary)
  2 scorpion zombies (Ossuary)
  5 adders
  An ooze (D:1)
  5 worms
  4 leopard geckos
  6 orcs
  6 bats
  A giant cockroach (D:2)
  A gnoll zombie (Ossuary)
  5 goblins
  13 hobgoblins
  5 jackals (D:1)
  A frilled lizard (D:2)
  A goblin zombie (Ossuary)
  A hobgoblin zombie (Ossuary)
  4 kobolds
  2 kobold zombies (Ossuary)
  A leopard gecko skeleton (D:4)
  4 orc zombies (Ossuary)
  A quokka zombie (D:5)
  9 rats
  A rat zombie (D:5)
97 creatures vanquished.

Vanquished Creatures (others)
  A scorpion (Ossuary)
  An orc zombie (Ossuary)
2 creatures vanquished.

Grand Total: 99 creatures vanquished

Notes
Turn   | Place    | Note
-------+----------+-------------------------------------------
     0 | D:1      | DildoBatman the Formicid Wizard began the quest for the
                  | Orb.
     0 | D:1      | Reached XP level 1. HP: 13/13 MP: 4/4
   114 | D:1      | Reached skill level 1 in Conjurations
   253 | D:1      | Reached XP level 2. HP: 19/19 MP: 1/6
   358 | D:1      | Reached skill level 2 in Conjurations
   565 | D:1      | Reached XP level 3. HP: 16/24 MP: 0/7
   570 | D:1      | Learned a level 3 spell: Conjure Flame
   574 | D:1      | Learned a level 3 spell: Mephitic Cloud
  1233 | D:2      | Reached skill level 3 in Conjurations
  1402 | D:2      | Found a faded altar of an unknown god.
  1428 | D:2      | Became a worshipper of the Shining One
  1428 | D:2      | Reached * piety under the Shining One
  1497 | D:2      | Reached XP level 4. HP: 30/30 MP: 6/8
  1791 | D:3      | Found a glowing golden altar of the Shining One.
  1793 | D:3      | Noticed an angel
  1823 | D:3      | Found a basalt altar of Yredelemnul.
  1825 | D:3      | Noticed a profane servitor
  1860 | D:3      | Found a runed translucent door.
  1880 | D:3      | Found a white marble altar of Elyvilon.
  1889 | D:3      | Found a runed translucent door.
  1893 | D:3      | Noticed Niraks's ghost (amateur MiBe)
  1950 | D:3      | Found a sparkling altar of Nemelex Xobeh.
  2546 | D:4      | Noticed an ogre
  2562 | D:4      | Killed an ogre
  2562 | D:4      | Reached skill level 4 in Conjurations
  2562 | D:4      | Reached XP level 5. HP: 35/35 MP: 0/9
  2624 | D:4      | Reached XP level 6. HP: 41/41 MP: 5/10
  2639 | D:4      | Reached skill level 5 in Conjurations
  2697 | D:4      | Fell from the grace of the Shining One
  2741 | D:4      | Found a glowing silver altar of Zin.
  2744 | D:4      | Noticed an angel
  2746 | D:4      | Found a shimmering altar of Xom.
  2766 | D:4      | Noticed a phantom
  2776 | D:4      | Found a staircase to the Ecumenical Temple.
  2783 | Temple   | Entered the Ecumenical Temple
  2951 | Temple   | Became a worshipper of Vehumet
  2951 | Temple   | Reached * piety under Vehumet
  2951 | Temple   | Offered knowledge of Shock by Vehumet.
  3750 | D:5      | Entered Level 5 of the Dungeon
  3761 | D:5      | Noticed an ice beast
  3877 | D:5      | Found a radiant altar of Vehumet.
  3877 | D:5      | Found an ancient bone altar of Kikubaaqudgha.
  3883 | D:5      | Found an ornate altar of the Wu Jian Council.
  3885 | D:5      | Found a faded altar of an unknown god.
  3886 | D:5      | Found a snail-covered altar of Cheibriados.
  3899 | D:5      | Fell from the grace of Vehumet
  3899 | D:5      | Became a worshipper of Yredelemnul the Dark
  3899 | D:5      | Reached * piety under Yredelemnul
  3908 | D:5      | Fell from the grace of Yredelemnul
  3908 | D:5      | Became a worshipper of Kikubaaqudgha
  4046 | D:5      | Reached XP level 7. HP: 46/46 MP: 4/11
  4095 | D:5      | Found a sand-covered staircase.
  4196 | D:5      | Noticed a wraith
  4268 | D:4      | Reached skill level 1 in Fighting
  4268 | D:4      | Reached skill level 1 in Armour
  4392 | Ossuary  | Entered an ossuary
  4631 | Ossuary  | Reached skill level 1 in Short Blades
  4631 | Ossuary  | Reached skill level 1 in Fire Magic
  4815 | Ossuary  | Reached XP level 8. HP: 31/56 MP: 5/12
  4860 | Ossuary  | Reached skill level 1 in Poison Magic
  4867 | Ossuary  | Noticed a vampire
  4879 | Ossuary  | Gained mutation: You are resistant to hostile enchantments.
                  | (MR+) [potion of mutation]
  4879 | Ossuary  | Gained mutation: You are dopey. (Int -2) [potion of
                  | mutation]
  4879 | Ossuary  | Gained mutation: You are very dopey. (Int -4) [potion of
                  | mutation]
  4879 | Ossuary  | Gained mutation: You have large cloven feet. [potion of
                  | mutation]
  4905 | Ossuary  | Slain by a vampire

Skill      XL: |  1  2  3  4  5  6  7  8 |
---------------+-------------------------+-----
Conjurations   | 1 2 3 4 5 |  5.8
Stealth        | 3 |  3.4
Fighting       | 1 2 |  2.0
Armour         | 1 2 |  2.0
Dodging        | 2 |  2.6
Short Blades   | 1 2 |  2.0
Fire Magic     | 2 |  2.0
Poison Magic   | 1 |  1.1
Spellcasting   | |  3.2
Summonings     | |  1.0
Translocations | |  0.8

Action                   |  1- 3 |  4- 6 |  7- 9 || total
-------------------------+-------+-------+-------++-------
Melee: Club              |    30 |       |       ||    30
       Dagger            |       |    19 |    41 ||    60
       Trident           |       |       |    14 ||    14
       Quarterstaff      |       |       |    28 ||    28
 Fire: Hunting sling     |     6 |    69 |    49 ||   124
Throw: Stone             |       |       |     9 ||     9
 Cast: Magic Dart        |    89 |    52 |     6 ||   147
       Conjure Flame     |       |     6 |     9 ||    15
       Mephitic Cloud    |       |     2 |     3 ||     5
Invok: Renounce Religion |       |     1 |       ||     1
 Abil: Dig               |     3 |     3 |       ||     6
  Use: Scroll            |       |     3 |     6 ||     9
       Potion            |       |       |    14 ||    14
 Stab: Sleeping          |     2 |       |     1 ||     3
  Eat: Chunk             |     2 |     8 |     1 ||    11
       Ration            |       |       |     1 ||     1
Armor: Robe              |    15 |    11 |     4 ||    30
       Skin              |       |       |    95 ||    95
Dodge: Dodged            |    41 |    48 |    35 ||   124
